 Dungeon Crawl Stone Soup version 0.26-a0-1184-g95e395e029 (webtiles) character file.

Game seed: 12255585053045536844

19 raph the Grave Robber (level 2, -6/19 HPs)
             Began as a Mummy Necromancer on Dec 27, 2020.
             Mangled by a worm (12 damage)
             ... on level 1 of the Dungeon.
             The game lasted 00:02:33 (828 turns).

raph the Grave Robber (Mummy Necromancer)            Turns: 828, Time: 00:02:33

Health: -6/19      AC:  2    Str: 11    XL:     2   Next: 55%
Magic:  3/6        EV: 12    Int: 14    God:
Gold:   63         SH:  0    Dex: 12    Spells: 5/7 levels left

rFire    x . .     SeeInvis .   c - +0 dagger
rCold    + . .     Faith    .   (no shield)
rNeg     + + +     Spirit   .   a - +0 robe
rPois    ∞         Reflect  .   (no helmet)
rElec    .         Harm     .   (no cloak)
rCorr    .         Rampage  .   (no gloves)
Will     .....                  (no boots)
Stlth    ++........             f - amulet of magic regeneration
HPRegen  0.06/turn              (no ring)
MPRegen  0.35/turn              (no ring)

@: no status effects
A: no potions, fire vulnerability, cold resistance 1, negative energy resistance
3, torment resistance, unbreathing
a: no special abilities


You were on level 1 of the Dungeon.
You visited 1 branch of the dungeon, and saw 2 of its levels.

You collected 63 gold pieces.

Inventory:

Hand Weapons
 c - a +0 dagger (weapon)
Armour
 a - a +0 robe (worn)
Jewellery
 f - an amulet of magic regeneration (around neck)
Scrolls
 b - a scroll of magic mapping {unknown}
 d - a scroll of blinking {unknown}
 e - a scroll of remove curse {unknown}
 g - a scroll of identify {unknown}


   Skills:
 + Level 1.8 Dodging
 + Level 1.8 Stealth
 + Level 3.0 Spellcasting
 * Level 4.3 Necromancy


You had 5 spell levels left.
You knew the following spells:

 Your Spells              Type           Power        Failure   Level
a - Pain                  Necr           56%          3%          1
b - Animate Skeleton      Necr           28%          3%          1

Your spell library contained the following spells:

 Spells                   Type           Power        Failure   Level
 Vampiric Draining        Necr           7%           11%         3
 Animate Dead             Necr           7%           34%         4
 Agony                    Necr           14%          69%         5


Dungeon Overview and Level Annotations

Branches:
Dungeon (2/15)

Altars:

Annotations:
D:2 Jessica


Innate Abilities, Weirdness & Mutations

You do not drink.
Your flesh is vulnerable to fire.
You are immune to poison.
Your flesh is cold resistant. (rC+)
You are immune to negative energy. (rN+++)
You are immune to unholy pain and torment.
You can survive without breathing.


Message History

Casting: Pain (safe; 3% risk of failure)
Confirm with . or Enter, or press ? or * to list all spells.
Aiming: Pain (safe; 3% risk of failure)
Press: ? - help, Shift-Dir - straight line, f/p - worm
Aim: a worm (chance to affect: 79%)
The worm writhes in agony.
Casting: Pain (safe; 3% risk of failure)
Confirm with . or Enter, or press ? or * to list all spells.
Aiming: Pain (safe; 3% risk of failure)
Press: ? - help, Shift-Dir - straight line, f/p - worm
Aim: a worm (lightly wounded, chance to affect: 79%)
The worm writhes in agony.
The worm closely misses you.
Casting: Pain (safe; 3% risk of failure)
Confirm with . or Enter, or press ? or * to list all spells.
Aiming: Pain (safe; 3% risk of failure)
Press: ? - help, Shift-Dir - straight line, f/p - worm
Aim: a worm (moderately wounded, chance to affect: 79%)
The worm barely resists.
The worm bites you!
Ouch! That really hurt!
You die...

#.#.##############.....##..
#.#.#.....'......#.........
#.#.#.##########.#..(###.#.
#.#.#.#...'....#.#....##.#.
#.#.#.#.######.#.###.....#.
#.#.#.#.#<'..#.#.#.........
#'#'#'#'###..#.#.#.........
#.#.#.#.####'#'#'#.....###.
#.#.#.#..w@#.#.#.#.....# ##
#.#.#.######.#.#.#.....# #
#.#.#....'...#.#.#..#.## #
#.#.##########.#.#.##.#
#.#......'.....#.#....#
#.##############.#..###
#......[.'.......#...#
##################...#
#.....!######.......#


You could see a worm.

Vanquished Creatures
  4 bats (D:1)
  A giant cockroach (D:1)
  2 goblins (D:1)
  2 hobgoblins
  2 jackals (D:1)
  A frilled lizard (D:1)
  2 kobolds (D:1)
  5 rats (D:1)
19 creatures vanquished.

Notes
Turn   | Place    | Note
-------+----------+-------------------------------------------
     0 | D:1      | raph the Mummy Necromancer began the quest for the Orb.
     0 | D:1      | Reached XP level 1. HP: 13/13 MP: 4/4
    57 | D:1      | Learned a level 1 spell: Animate Skeleton
   403 | D:1      | Reached XP level 2. HP: 19/19 MP: 3/5
   815 | D:2      | Found a faded altar of an unknown god.
   816 | D:2      | Noticed Jessica
   828 | D:1      | Mangled by a worm

Illustrated notes

Levels and vault maps discovered:
D:1:      minmay_arrival_widening_spiral_narrow, layout_rooms
D:2:      layout_basic, chequers_ecumenical_altar_simple_redux,
          hangedman_decor_push, uniq_jessica

Skill      XL: |  1  2 |
---------------+-------+-----
Spellcasting   | 3 |  3.0
Dodging        | |  1.8
Stealth        | |  1.8
Necromancy     | |  4.3

Action                   || total
-------------------------++-------
Melee: Dagger            ||     8
 Cast: Pain              ||    37
 Stab: Sleeping          ||     2
Armor: Robe              ||     5
Dodge: Dodged            ||    25

Table legend: (Time is in decaauts)
 A = Elapsed time spent in this place.
 B = Non-inter-level travel time spent in this place.
 C = Inter-level travel time spent in this place.
 D = Time resting spent in this place.
 E = Time spent auto-exploring this place.
 F = Levels seen in this place.
 G = Mean time per level.
                   A        B        C        D        E       F      G
               +--------+--------+--------+--------+--------+-----+--------+
         Total |    827 |    827 |      0 |    182 |    477 |   2 |  413.5 |
       Dungeon |    827 |    827 |      0 |    182 |    477 |   2 |  413.5 |
               +--------+--------+--------+--------+--------+-----+--------+

Top non-repeatable levels by time:
     D:1: 820 daAuts
     D:2: 7 daAuts
